 Dungeon Crawl Stone Soup version 0.31-a0-365-gcf821cafb2 (webtiles) character file.

Game seed: 11903223965570802166

4 drugrobin the Sneak (level 1, -3/18 HPs)
             Began as a Demigod Delver on July 28, 2023.
             Slain by an orc
             ... wielding a +0 club
              (4 damage)
             ... on level 3 of the Dungeon.
             The game lasted 00:01:29 (161 turns).

drugrobin the Sneak (Demigod Delver)                 Turns: 161, Time: 00:01:30

Health: -3/18      AC:  3    Str: 13    XL:     1   Next: 46%
Magic:  3/3        EV: 11    Int: 12    God:
Gold:   14         SH:  0    Dex: 15    Spells: 0/0 levels left

rFire   . . .        a - +0 hand axe
rCold   . . .        (no shield)
rNeg    . . .        b - +0 leather armour
rPois   .            (no helmet)
rElec   .            (no cloak)
rCorr   .            (no gloves)
SInv    .            (no boots)
Will    +....        (no amulet)
Stlth   +++          (no ring)
HPRegen 0.23/turn    (no ring)
MPRegen 0.08/turn

%: no passive effects
@: enlightened, flying
A: high MP 1, forlorn, divine attributes
a: no special abilities


You were on level 3 of the Dungeon.
You visited 1 branch of the dungeon, and saw 3 of its levels.

You collected 14 gold pieces.

Inventory:

Hand Weapons
 a - a +0 hand axe (weapon)
Armour
 b - a +0 leather armour (worn)
Wands
 g - a wand of digging (3)
Scrolls
 c - a scroll of fog


   Skills:
 - Level 2.6 Fighting
 + Level 2.2 Axes
 - Level 1.7 Dodging
 - Level 4.5 Stealth


You couldn't memorise any spells.
You didn't know any spells.
Your spell library contained the following spells:

 Spells                   Type           Power      Damage    Failure   Level
 Lesser Beckoning         Tloc           0%         N/A       54%         2
 Gell's Gravitas          Tloc           0%         N/A       77%         3
 Teleport Other           Tloc           0%         N/A       77%         3


Dungeon Overview and Level Annotations

Branches:
Dungeon (5/15)
 Temple: D:4-7

Annotations:
D:5 exclusions: gnoll and scorpion


Innate Abilities, Weirdness & Mutations

You have an increased reservoir of magic. (+10% MP)
You shall have no god before yourself.
Your divine heritage dramatically boosts your attributes as you level up.


Message History

The orc priest shouts!
You hit the orc.
The orc is moderately wounded.
You closely miss the orc. You hit the orc but do no damage.
A giant cockroach comes into view.
The orc hits you but does no damage. The orc closely misses you.
The orc hits you with a +0 club.
Unknown command.
Unknown command.
You hit the orc.
You kill the orc!
You closely miss the orc. You barely miss the orc.
The orc hits you with a +0 club. The orc hits you but does no damage.
Unknown command.
Unknown command.
Unknown command.
It was a potion of enlightenment.
You feel very buoyant.
You fly up into the air.
The orc hits you with a +0 club. The orc hits you but does no damage.
The orc priest calls down the wrath of Beogh upon you.
You resist with significant effort. The endoplasm hits you.
Unknown command.
The orc priest attacks as you move away!
The orc priest misses you. The orc hits you with a +0 club.
The orc closely misses you.
Things that are here:
a +0 mace; a +0 leather armour Unknown command.
Unknown command.
The orc attacks as you move away! The orc hits you with a +0 club.
* * * LOW HITPOINT WARNING * * *
The orc attacks as you move away! The orc barely misses you.
Unknown command.
Unknown command.
Unknown command.
The orc attacks as you move away! The orc hits you with a +0 club.
* * * LOW HITPOINT WARNING * * *
The orc attacks as you move away! The orc hits you with a +0 club.
You die...

#..........#...
#..........##o#
##..........##.#
......(.....##.#####
...................
.......B.........
........o..###.#########
#......ooJ..............
#......@######..########
#.......# #..# ####
........# ##.# #...
##......# #.# #...
#......# #.# #...
...###### #.# #### .#.
... #


You could see an orc priest, 2 orcs, an endoplasm and a giant cockroach.

Vanquished Creatures
  An orc (D:3)
  A hobgoblin (D:4)
  A goblin (D:3)
  A rat (D:3)
4 creatures vanquished.

Notes
Turn   | Place    | Note
-------+----------+-------------------------------------------
     0 | D:5      | drugrobin the Demigod Delver began the quest for the Orb.
     0 | D:5      | Reached XP level 1. HP: 18/18 MP: 3/3
    16 | D:5      | Noticed a scorpion
    31 | D:5      | Noticed an orc priest
    36 | D:4      | Noticed a scorpion
    80 | D:4      | Noticed an iguana
    94 | D:4      | Noticed a fire elemental
   149 | D:3      | Noticed an orc priest
   161 | D:3      | Slain by an orc

Illustrated notes

Levels and vault maps discovered:
D:3:      layout_basic, mainiacjoe_overflow_cross_hatched, bloody_makhleb,
          overflow_temple_1_default
D:4:      old_forge, layout_loops_ring, nicolae_qazlal_style_of_elements
D:5:      cheibrodos_quashed, layout_loops_ring, uniq_duvessa

Skill      XL: |  1 |
---------------+----+-----
Axes           | 2 |  2.2
Fighting       | |  2.6
Dodging        | |  1.7
Stealth        | |  4.5

Action                     || total
---------------------------++-------
  Melee: Hand axe          ||    13
    Use: Scroll            ||     2
         Potion            ||     2
 Armour: Leather armour    ||     3
  Dodge: Dodged            ||    15

Table legend: (Time is in decaauts)
 A = Elapsed time spent in this place.
 B = Non-inter-level travel time spent in this place.
 C = Inter-level travel time spent in this place.
 D = Time resting spent in this place.
 E = Time spent auto-exploring this place.
 F = Levels seen in this place.
 G = Mean time per level.
                   A        B        C        D        E       F      G
               +--------+--------+--------+--------+--------+-----+--------+
         Total |    144 |    144 |      0 |      0 |     18 |   3 |   48.0 |
       Dungeon |    144 |    144 |      0 |      0 |     18 |   3 |   48.0 |
               +--------+--------+--------+--------+--------+-----+--------+

Top non-repeatable levels by time:
     D:4: 58 daAuts
     D:3: 50 daAuts
     D:5: 36 daAuts
